 Dungeon Crawl Stone Soup version 0.30-a0-778-g2ef04afb54 (webtiles) character file.

Game seed: 4058832942893384623

39 theswoord the Chiller (level 3, -3/28 HPs)
             Began as a Naga Ice Elementalist on Feb 15, 2023.
             Slain by a gnoll
             ... wielding a +0 halberd
              (11 damage)
             ... on level 3 of the Dungeon.
             The game lasted 00:02:09 (1957 turns).

theswoord the Chiller (Naga Ice Elementalist)       Turns: 1957, Time: 00:02:10

Health: -3/28      AC:  2    Str: 10    XL:     3   Next: 45%
Magic:  7/7        EV:  9    Int: 17    God:
Gold:   103        SH:  0    Dex: 11    Spells: 0/7 levels left

rFire   . . .      SeeInvis +    i - +0 quarterstaff
rCold   . . .      Faith    .    (shield currently unavailable)
rNeg    . . .      Spirit   .    a - +0 robe
rPois   +          Reflect  .    (no helmet)
rElec   .          Harm     .    (no cloak)
rCorr   .          Rampage  .    (no gloves)
Will    .....                    (no barding)
Stlth   +                        (no amulet)
HPRegen 0.24/turn                (no ring)
MPRegen 0.10/turn                (no ring)

@: confused, ambrosia-drunk, freezing walls, very slow
A: AC +1, large, see invisible, deformed body, poison resistance, slowness 2,
spit poison 1, naga tail 1
a: Spit Poison


You were on level 3 of the Dungeon.
You visited 1 branch of the dungeon, and saw 3 of its levels.

You collected 103 gold pieces.

Inventory:

Hand Weapons
 c - a +0 dagger
 i - a +0 quarterstaff (weapon)
Armour
 a - a +0 robe (worn)
Jewellery
 g - an amulet of guardian spirit
Potions
 b - a potion of magic
 e - a potion of brilliance
 f - a potion of might {unknown}


   Skills:
 - Level 1.5 Dodging
 - Level 3.0 Stealth
 + Level 2.8 Spellcasting
 + Level 4.6 Ice Magic


You couldn't memorise any spells.
You knew the following spells:

 Your Spells              Type           Power      Damage    Failure   Level
a - Freeze                Ice            72%        1d8       2%          1
b - Frozen Ramparts       Ice            36%        1d6       9%          3
c - Ozocubu's Armour      Ice            18%        N/A       9%          3

Your spell library contained the following spells:

 Spells                   Type           Power      Damage    Failure   Level
 Necrotise                Necr           8%         1d4       19%         1
 Scorch                   Fire           4%         2d5       26%         2
 Sublimation of Blood     Necr           2%         N/A       26%         2
 Wereblood                Tmut           2%         N/A       26%         2
 Vampiric Draining        Necr           2%         2d6       47%         3
 Summon Ice Beast         Ice/Summ       10%        N/A       56%         4
 Flame Wave               Conj/Fire      2%         2d4       87%         4
 Agony                    Necr           2%         N/A       99%         5
 Summon Cactus Giant      Summ           1%         N/A       100%        6
 Summon Hydra             Summ           1%         N/A       100%        7


Dungeon Overview and Level Annotations

Branches:
Dungeon (3/15)

Altars:


Innate Abilities, Weirdness & Mutations

Your serpentine skin is tough. (AC +1)
You have supernaturally acute eyesight. (SInv)
Armour fits poorly on your strangely shaped body.
Your system is resistant to poisons. (rPois)
You cover ground very slowly.
You can spit poison.
You have a snake-like lower body.


Message History

There is a stone staircase leading up here.
As you read the scroll of identify, it crumbles to dust.
e - a potion of brilliance The helpless bat fails to defend itself.
You hit the bat but do no damage. The bat closely misses you.
Found a short sword.
The bat hits you but does no damage. The bat hits you.
You barely miss the bat. The bat hits you but does no damage.
The bat barely misses you. The bat hits you but does no damage.
You hit the bat.
You kill the bat!
No target in view!
No target in view!
A gnoll comes into view. It is wielding a +0 halberd.
The gnoll shouts!
You hear a shout!
A gnoll comes into view. It is wielding a +0 halberd.
There are monsters nearby!
There are monsters nearby!
A goblin comes into view. It is wielding a +0 club.
The gnoll shouts!
A gnoll comes into view. It is wielding a +0 flail.
The gnoll hits you from afar with a +0 halberd.
The spell is quite dangerous to miscast (9% risk of failure)!
Continue anyway?
The walls around you are covered in ice.
The goblin shouts!
The gnoll barely misses you.
The wall freezes the gnoll.
The gnoll closely misses you.
The wall freezes the goblin.
The wall freezes the gnoll.
The gnoll hits you from afar with a +0 halberd. x2
The wall freezes the goblin.
You kill the goblin!
The gnoll hits you from afar with a +0 halberd.
* * * LOW HITPOINT WARNING * * *
The wall freezes the gnoll.
The wall freezes the gnoll but does no damage.
The gnoll hits you from afar with a +0 halberd!
* * * LOW HITPOINT WARNING * * *
You are confused.
You feel invigorated.
The gnoll hits you from afar with a +0 halberd!
You die...

..... .....
#...# #...#
#..)# #.gg#
#...# #.@g#
##.##
###.####.##
#..........
#.#.####.##
########.#...
#........#####
#.########
##.##


You could see 3 gnolls.

Vanquished Creatures
  2 dart slugs (D:1)
  6 bats
  4 endoplasms
  A giant cockroach (D:1)
  7 goblins
  A hobgoblin (D:1)
  2 kobolds
  5 ball pythons
  A frilled lizard (D:1)
  4 rats (D:1)
33 creatures vanquished.

Notes
Turn   | Place    | Note
-------+----------+-------------------------------------------
     0 | D:1      | theswoord the Naga Ice Elementalist began the quest for the
                  | Orb.
     0 | D:1      | Reached XP level 1. HP: 15/15 MP: 3/3
   210 | D:1      | Reached XP level 2. HP: 20/22 MP: 0/5
   630 | D:1      | Found a faded altar of an unknown god.
   684 | D:1      | Reached XP level 3. HP: 28/28 MP: 4/6
  1074 | D:2      | Learned a level 3 spell: Frozen Ramparts
  1078 | D:2      | Learned a level 3 spell: Ozocubu's Armour
  1957 | D:3      | Slain by a gnoll

Action                     || total
---------------------------++-------
  Melee: Unarmed           ||    25
         Dagger            ||     9
         Quarterstaff      ||     4
   Cast: Freeze            ||    36
         Frozen Ramparts   ||     1
    Use: Scroll            ||     3
         Potion            ||     1
   Stab: Sleeping          ||     4
 Armour: Robe              ||    15
  Dodge: Dodged            ||    44

Levels and vault maps discovered:
D:1:      mrwooster_arrival_statue_2, layout_basic,
          chequers_ecumenical_altar_twisty
D:2:      layout_loops_corners
D:3:      layout_loops_cross, gup_sewer_entry_bubbles, serial_shops,
          nicolae_shop_statue_plus, serial_undead, serial_undead_d,
          serial_undead_d, serial_undead_d, serial_undead_e
